 Dungeon Crawl Stone Soup version 0.32-a0-685-g93135e86f0 (webtiles) character file.

Game seed: 1537641286024094632

33 javelincjr the Grasshopper (level 3, -3/28 HPs)
             Began as a Demonspawn Warper on Mar 12, 2024.
             Incinerated by a bombardier beetle (4 damage)
             ... with a burning spray
             ... on level 1 of the Dungeon.
             The game lasted 00:03:33 (1389 turns).

javelincjr the Grasshopper (Demonspawn Warper)      Turns: 1389, Time: 00:03:34

Health: -3/28      AC:  3    Str: 13    XL:     3   Next: 12%
Magic:  6/6        EV: 11    Int: 15    God:
Gold:   88         SH:  0    Dex: 12    Spells: 2/6 levels left

rFire   . . .        a - +0 spear
rCold   . . .        (no shield)
rNeg    . . .        b - +0 leather armour
rPois   .            (no helmet)
rElec   .            (no cloak)
rCorr   .            (no gloves)
SInv    .            (no boots)
Will    .....        (no amulet)
Stlth   +            h - ring of wizardry
HPRegen 0.24/turn    (no ring)
MPRegen 0.10/turn

%: wizardry (x1)
@: on fire, glowing
A: claws 1, big brain 1
a: no special abilities


You were on level 1 of the Dungeon.
You visited 1 branch of the dungeon, and saw 2 of its levels.

You collected 88 gold pieces.

Inventory:

Hand Weapons
 a - a +0 spear (weapon)
Missiles
 d - 5 darts of dispersal (quivered)
Armour
 b - a +0 leather armour (worn)
Jewellery
 h - a ring of wizardry (left claw)
Scrolls
 c - 2 scrolls of blinking
 e - 2 scrolls of teleportation {unknown}
 f - a scroll of noise {unknown}
 j - a scroll of amnesia {unknown}
 k - a scroll of immolation {unknown}
 m - a scroll of summoning {unknown}


   Skills:
 * Level 2.5 Fighting
 + Level 2.1 Polearms
 - Level 0.8 Throwing
 + Level 1.2 Armour
 + Level 2.0 Dodging
 + Level 2.2 Spellcasting
 + Level 2.8 Translocations


You had 2 spell levels left.
You knew the following spells:

 Your Spells              Type           Power      Damage    Failure   Level
a - Blink                 Tloc           20%        N/A       5%          2
b - Lesser Beckoning      Tloc           20%        N/A       5%          2

Your spell library contained the following spells:

 Spells                   Type           Power      Damage    Failure   Level
 Teleport Other           Tloc           10%        N/A       11%         3
 Manifold Assault         Tloc           10%        N/A       32%         4
 Vhi's Electric Charge    Tloc/Air       12%        N/A       50%         4


Dungeon Overview and Level Annotations

Branches:
Dungeon (2/15)

Altars:


Innate Abilities, Weirdness & Mutations

You have sharp fingernails.
You have an unusually large brain. (Int +2)


Message History

The bombardier beetle bites you.
You closely miss the bombardier beetle.
You completely miss the bombardier beetle.
The bombardier beetle bites you.
You hit the bombardier beetle but do no damage.
You hit the bombardier beetle but do no damage.
The bombardier beetle sprays incendiary fluid at you.
The burning spray hits you.
You are covered in liquid fire!
You hit the bombardier beetle but do no damage.
The liquid fire burns you!
The bombardier beetle sprays incendiary fluid at you.
The burning spray hits you.
You are even more covered in liquid fire!
You hit the bombardier beetle.
The bombardier beetle is lightly wounded.
The liquid fire burns you!
You hit the bombardier beetle but do no damage.
The bombardier beetle is lightly wounded.
The liquid fire burns you!
The bombardier beetle sprays incendiary fluid at you.
The burning spray hits you.
You are even more covered in liquid fire!
You shake off some of the fire as you move.
The liquid fire burns you!
You shake off some of the fire as you move.
The liquid fire burns you! The bombardier beetle misses you.
You shake off some of the fire as you move.
The liquid fire burns you!
* * * LOW HITPOINT WARNING * * *
The bombardier beetle sprays incendiary fluid at you.
The burning spray misses you.
You shake off some of the fire as you move.
The liquid fire burns you!
* * * LOW HITPOINT WARNING * * *
You hit the bombardier beetle but do no damage.
The bombardier beetle is lightly wounded.
The liquid fire burns you!
You die...

......................#.########.
.....####.#####.......#.# #.
......................#.# #.
............###.......#.# #.
.............>....#####.# #.
.....................##.########.
.................................
........#.#..........##.#########
..........#.....@B.........######
.....#...............#...........
################...........#####.
# ♣♣♣~~~~♣♣♣♣#####.####### #. #
#♣♣~~~~~~~~~♣♣# #.#.#########. #
#~~~~~ß~~~~~~~# #.#........... #
♣♣~~~~~ß~~~~~#####.#.##########
#♣♣....~~~~.####..##.#....#
#♣...####...#<'...##.####.#


You could see a bombardier beetle.

Vanquished Creatures
  3 dart slugs
  4 ball pythons
  A bat (D:1)
  2 endoplasms
  A giant cockroach (D:1)
  2 goblins (D:1)
  4 hobgoblins
  A quokka (D:2)
  3 frilled lizards
  A kobold (D:1)
  4 rats (D:1)
26 creatures vanquished.

Notes
Turn   | Place    | Note
-------+----------+-------------------------------------------
     0 | D:1      | javelincjr the Demonspawn Warper began the quest for the
                  | Orb.
     0 | D:1      | Reached XP level 1. HP: 16/16 MP: 3/3
   157 | D:1      | Reached skill level 1 in Armour
   256 | D:1      | Gained mutation: You have sharp fingernails. [demonic
                  | ancestry]
   256 | D:1      | Reached XP level 2. HP: 1/22 MP: 5/5
  1042 | D:2      | Gained mutation: You have an unusually large brain. (Int
                  | +2) [demonic ancestry]
  1042 | D:2      | Reached XP level 3. HP: 25/28 MP: 6/6
  1045 | D:2      | Learned a level 2 spell: Blink
  1048 | D:2      | Learned a level 2 spell: Lesser Beckoning
  1203 | D:1      | HP: 1/28 [bombardier beetle (2)]
  1388 | D:1      | HP: 1/28 [burnt (4)]
  1389 | D:1      | Incinerated by a bombardier beetle

Illustrated notes

Levels and vault maps discovered:
D:1:      sevenhm_arrival_forest_fort_small_5, layout_basic,
          minmay_close_crescents
D:2:      layout_rooms, grunt_ministairs_1, wad_floor_pattern_untrapped

Skill      XL: |  1  2 |
---------------+-------+-----
Armour         | 1 |  1.2
Polearms       | 2 |  2.1
Dodging        | 2 |  2.0
Fighting       | |  2.5
Throwing       | |  0.8
Spellcasting   | |  2.2
Translocations | |  2.8

Action                     || total
---------------------------++-------
  Melee: Spear             ||   122
  Throw: Dart              ||     2
    Use: Potion            ||     3
 Armour: Leather armour    ||    62
  Dodge: Dodged            ||    41

Table legend: (Time is in decaauts)
 A = Elapsed time spent in this place.
 B = Non-inter-level travel time spent in this place.
 C = Inter-level travel time spent in this place.
 D = Time resting spent in this place.
 E = Time spent auto-exploring this place.
 F = Levels seen in this place.
 G = Mean time per level.
                   A        B        C        D        E       F      G
               +--------+--------+--------+--------+--------+-----+--------+
         Total |   1376 |   1370 |      6 |    257 |    789 |   2 |  688.0 |
       Dungeon |   1376 |   1370 |      6 |    257 |    789 |   2 |  688.0 |
               +--------+--------+--------+--------+--------+-----+--------+

Top non-repeatable levels by time:
     D:1: 1319 daAuts
     D:2: 56 daAuts
